 Dungeon Crawl Stone Soup version 0.30-a0-711-gf4ac18a38d (webtiles) character file.

Game seed: 2902915061080238744

1520786 Pooter the Executioner (level 27, 256/258 HPs)
             Began as a Minotaur Monk on Jan 18, 2023.
             Was a Believer of Okawaru.
             Escaped with the Orb
             ... and 3 runes on Jan 22, 2023!
             The game lasted 08:02:17 (100879 turns).

Pooter the Executioner (Minotaur Monk)            Turns: 100879, Time: 08:02:18

Health: 256/258    AC: 46    Str: 31    XL:     27
Magic:  35/35      EV: 26    Int:  9    God:    Okawaru [**....]
Gold:   6726       SH:  5    Dex: 24    Spells: 24/26 levels left

rFire   + . .      SeeInvis +    a - +8 executioner's axe (heavy)
rCold   + . .      Faith    .    (shield currently unavailable)
rNeg    + + +      Spirit   .    S - +6 crystal plate armour "Gocveahi" {rElec Str+3 Stlth+}
rPois   +          Reflect  +    j - -2 hat of the Alchemist {rElec rPois rF+ rC+ rN+ Will+ rMut rCorr}
rElec   +          Harm     .    p - scarf {repulsion}
rCorr   +          Rampage  .    C - +1 pair of gloves of Wonder {rF- rN+ Slay+3 SInv}
rMut    +                        y - +2 pair of boots
Will    ++++.                    U - amulet "Maur" {Reflect rElec rF+ Str+5 SH+5}
Stlth   +                        o - ring "Xomeng" {rElec rN+ Will+ AC+4 Slay+3}
HPRegen 0.63/turn                Y - +6 ring of dexterity
MPRegen 0.24/turn

@: heroic, studying 3 skills, repel missiles
A: horns 2, retaliatory headbutt
0: Orb of Zot
}: 3/15 runes: serpentine, barnacled, silver
a: Renounce Religion, Heroism


You escaped.
You worshipped Okawaru.
Okawaru was pleased with you.
You visited 13 branches of the dungeon, and saw 53 of its levels.
You visited 2 bazaars.
You visited 1 ziggurat, and saw 10 of its levels.
You also visited: Bailey, Ice Cave and Wizlab.

You collected 10498 gold pieces.
You spent 3772 gold pieces at shops.

Inventory:

Hand Weapons
 a - a +8 heavy executioner's axe (weapon)
   (Okawaru gifted it to you on level 1 of the Depths)
 b - a +9 heavy arbalest
   (You took it off an orc warrior on level 2 of the Orcish Mines)
 i - the +8 frozen axe "Frostbite" {freeze, freezing cloud, *Noise Fly rC+}
   (You found it in an ice cave)

   rC:        It protects you from cold.
   Fly:       It grants you flight.
   *Noise:    It may make noises in combat.
 P - a +3 heavy dire flail
   (You subdued it on level 2 of the Elven Halls)
Missiles
 k - 7 silver boomerangs
 r - 4 boomerangs of dispersal {!f}
 u - 16 silver javelins
 x - 32 boomerangs (quivered)
 G - 3 datura-tipped darts
 H - 34 javelins
 N - 14 curare-tipped darts
Armour
 j - the -2 hat of the Alchemist (worn) {rElec rPois rF+ rC+ rN+ Will+ rMut rCorr}
   (You bought it in a shop on level 2 of the Orcish Mines)

   rF:        It protects you from fire.
   rC:        It protects you from cold.
   rElec:     It insulates you from electricity.
   rPois:     It protects you from poison.
   rN:        It protects you from negative energy.
   rCorr:     It protects you from acid and corrosion.
   rMut:      It protects you from mutation.
   Will:      It increases your willpower.
 p - a scarf of repulsion (worn)
   (You found it on level 2 of the Vaults)
 y - a +2 pair of boots (worn)
   (You found it on level 1 of the Dungeon)
 C - the +1 pair of gloves of Wonder (worn) {rF- rN+ Slay+3 SInv}
   (You acquired it on level 5 of the Dungeon)

   Slay:      It affects your accuracy & damage with ranged weapons and melee
   (+3).
   rF:        It makes you vulnerable to fire.
   rN:        It protects you from negative energy.
   SInv:      It lets you see invisible.
 S - the +6 crystal plate armour "Gocveahi" (worn) {rElec Str+3 Stlth+}
   (Okawaru gifted it to you on level 15 of the Dungeon)

   Str:       It affects your strength (+3).
   rElec:     It insulates you from electricity.
   Stlth:     It makes you more stealthy.
Jewellery
 o - the ring "Xomeng" (left hand) {rElec rN+ Will+ AC+4 Slay+3}
   (You took it off a deep elf pyromancer on level 2 of the Elven Halls)

   [ring of protection]

   AC:        It affects your AC (+4).
   Slay:      It affects your accuracy & damage with ranged weapons and melee
   (+3).
   rElec:     It insulates you from electricity.
   rN:        It protects you from negative energy.
   Will:      It increases your willpower.
 w - the ring "Oduimugg" {Fly MP+9 Stlth+}
   (You took it off a deep elf sorcerer on level 3 of the Elven Halls)

   [ring of flight]

   MP:        It affects your magic capacity (+9).
   Fly:       It grants you flight.
   Stlth:     It makes you more stealthy.
 I - a ring of protection from cold
   (You bought it in a shop in a bazaar)
 U - the amulet "Maur" (around neck) {Reflect rElec rF+ Str+5 SH+5}
   (You found it on level 4 of the Depths)

   [amulet of reflection]

   It reflects blocked missile attacks.
   Str:       It affects your strength (+5).
   rF:        It protects you from fire.
   rElec:     It insulates you from electricity.
   SH:        It affects your SH (+5).
 X - an amulet of regeneration
   (You bought it in a shop on level 1 of the Orcish Mines)
 Y - a +6 ring of dexterity (right hand)
   (You found it on level 11 of the Dungeon)
Wands
 f - a wand of flame (62)
   (You took it off a goblin on level 3 of the Dungeon)
 g - a wand of mindburst (46)
   (You took it off Maurice on level 2 of the Orcish Mines)
 D - a wand of digging (8)
   (You found it on level 3 of the Depths)
 E - a wand of roots (29)
   (You took it off a deep elf zephyrmancer on level 3 of the Elven Halls)
 K - a wand of quicksilver (9)
   (You found it on level 2 of the Shoals)
Scrolls
 e - 4 scrolls of fear
 h - 14 scrolls of fog
 l - 11 scrolls of poison {!r}
 n - 6 scrolls of silence
 t - 25 scrolls of teleportation {@r4}
 v - 16 scrolls of vulnerability {!r}
 z - 7 scrolls of enchant armour
 A - a scroll of blinking
 B - 6 scrolls of magic mapping
 V - 5 scrolls of immolation {!r}
 W - 6 scrolls of noise {!r}
Potions
 c - 9 potions of ambrosia
 d - 10 potions of mutation {!q}
 m - 12 potions of magic
 s - 6 potions of attraction {!q}
 F - 10 potions of heal wounds {@q2}
 J - 33 potions of curing {@q1}
 L - 2 potions of cancellation
 M - 4 potions of flight
 O - 2 potions of invisibility
 R - 2 potions of haste {@q3}
 T - 8 potions of resistance
 Z - a potion of might
Miscellaneous
 q - a condenser vane
   (You found it on level 3 of the Crypt)
 Q - a tin of tremorstones (2/2)
   (You found it on level 13 of the Dungeon)


   Skills:
 - Level 23.3(27) Fighting
 - Level 24.7(27) Axes
 - Level 6.1(22.4) Maces & Flails
 - Level 21.5(26.5) Ranged Weapons
 - Level 8.9(13.9) Throwing
 - Level 23.2(27) Armour
 * Level 21.7(26.7) Dodging
 + Level 16.5(21.5) Stealth
 - Level 10.0 Translocations
 - Level 19.6 Invocations
 - Level 13.0 Evocations


You had 24 spell levels left.
You knew the following spells:

 Your Spells              Type           Power      Damage    Failure   Level
a - Sandblast             Erth           0%         2d4       90%         1
c - Apportation           Tloc           36%        N/A       3%          1

Your spell library contained the following spells:

 Spells                   Type           Power      Damage    Failure   Level
 Blink                    Tloc           36%        N/A       4%          2
 Gell's Gravitas          Tloc           18%        N/A       10%         3
 Manifold Assault         Tloc           18%        N/A       32%         4
 Passage of Golubria      Tloc           18%        N/A       32%         4
 Momentum Strike          Conj/Tloc      18%        3d8       36%         2
 Portal Projectile        Hex/Tloc       18%        N/A       61%         3
 Vhi's Electric Charge    Tloc/Air       18%        N/A       61%         3
 Kindle Blastsparks       Fire/Tloc/Air  10%        2d10      85%         3
 Beastly Appendage        Tmut           0%         N/A       90%         1
 Freeze                   Ice            0%         1d3       90%         1
 Kiss of Death            Conj/Necr      0%         2d5       90%         1
 Magic Dart               Conj           0%         1d3       90%         1
 Necrotise                Necr           0%         1d4       90%         1
 Shock                    Conj/Air       0%         1d3       90%         1
 Iskenderun's Mystic Bla  Conj/Tloc      9%         2d4       95%         4
 Ensorcelled Hibernation  Hex/Ice        0%         N/A       97%         2
 Passwall                 Tmut/Erth      0%         N/A       97%         2
 Searing Ray              Conj           0%         2d4       97%         2
 Static Discharge         Conj/Air       0%         2-2/arc   97%         2
 Sublimation of Blood     Necr           0%         N/A       97%         2
 Wereblood                Tmut           0%         N/A       97%         2
 Confusing Touch          Hex            0%         N/A       99%         3
 Frozen Ramparts          Ice            0%         1d1       99%         3
 Hailstorm                Conj/Ice       0%         3d3       99%         3
 Mephitic Cloud           Conj/Pois/Air  0%         N/A       99%         3
 Spider Form              Tmut/Pois      0%         N/A       99%         3
 Stone Arrow              Conj/Erth      0%         3d7       99%         3
 Swiftness                Air            0%         N/A       99%         3
 Vampiric Draining        Necr           0%         2d6       99%         3
 Dispersal                Tloc           9%         N/A       99%         6
 Airstrike                Air            0%         2d(0-16)  100%        4
 Anguish                  Hex/Necr       0%         N/A       100%        4
 Cause Fear               Hex            0%         N/A       100%        4
 Dispel Undead            Necr           0%         3d6       100%        4
 Fulminant Prism          Conj/Hex       0%         3d5       100%        4
 Leda's Liquefaction      Hex/Erth       0%         N/A       100%        4
 Olgreb's Toxic Radiance  Pois           0%         N/A       100%        4
 Petrify                  Tmut/Erth      0%         N/A       100%        4
 Agony                    Necr           0%         N/A       100%        5
 Alistair's Intoxication  Tmut/Pois      0%         N/A       100%        5
 Arcjolt                  Conj/Air       0%         1d10      100%        5
 Blade Hands              Tmut           0%         N/A       100%        5
 Borgnjor's Vile Clutch   Necr/Erth      0%         N/A       100%        5
 Fireball                 Conj/Fire      0%         3d3       100%        5
 Freezing Cloud           Conj/Ice/Air   0%         6-21      100%        5
 Irradiate                Conj/Tmut      0%         3d11      100%        5
 Iskenderun's Battlesphe  Conj           0%         2d6       100%        5
 Lee's Rapid Deconstruct  Erth           0%         3d4*      100%        5
 Lightning Bolt           Conj/Air       0%         1d11      100%        5
 Metabolic Englaciation   Hex/Ice        0%         N/A       100%        5
 Silence                  Hex/Air        0%         N/A       100%        5
 Yara's Violent Unravell  Hex/Tmut       0%         3d3       100%        5
 Conjure Ball Lightning   Conj/Air       0%         3x3d6     100%        6
 Eringya's Noxious Bog    Tmut/Pois      0%         N/A       100%        6
 Statue Form              Tmut/Erth      0%         N/A       100%        6
 Dragon Form              Tmut           0%         N/A       100%        7
 Enfeeble                 Hex            0%         N/A       100%        7
 Orb of Destruction       Conj           0%         9d5       100%        7
 Ozocubu's Refrigeration  Ice            0%         4d7       100%        7
 Storm Form               Tmut/Air       0%         N/A       100%        7
 Discord                  Hex            0%         N/A       100%        8
 Disjunction              Tloc           9%         N/A       100%        8
 Ignition                 Fire           0%         3d3       100%        8
 Lehudib's Crystal Spear  Conj/Erth      0%         10d2      100%        8
 Chain Lightning          Conj/Air       0%         N/A       100%        9
 Fire Storm               Conj/Fire      0%         5d1       100%        9
 Polar Vortex             Ice            0%         N/A       100%        9
 Shatter                  Erth           0%         3d5*      100%        9
 Summon Small Mammal      Summ           Unusable   N/A       N/A         1
 Call Imp                 Summ           Unusable   N/A       N/A         2
 Call Canine Familiar     Summ           Unusable   N/A       N/A         3
 Tukima's Dance           Hex            Unusable   N/A       N/A         3
 Animate Armour           Summ/Erth      Unusable   N/A       N/A         4
 Summon Lightning Spire   Summ/Air       Unusable   N/A       N/A         4
 Summon Forest            Summ/Tloc      Unusable   N/A       N/A         5
 Simulacrum               Ice/Necr       Unusable   N/A       N/A         6
 Summon Hydra             Summ           Unusable   N/A       N/A         7
 Dragon's Call            Summ           Unusable   N/A       N/A         9

Dungeon Overview and Level Annotations

Branches:
Dungeon (15/15)            Temple (1/1) D:6            Lair (5/5) D:11
 Shoals (4/4) Lair:3        Snake (4/4) Lair:3        Slime (0/5) Lair:5
    Orc (2/2) D:10            Elf (3/3) Orc:2        Vaults (5/5) D:14
  Crypt (3/3) Vaults:2       Tomb (1/3) Crypt:3      Depths (4/4) D:15
   Hell (visited)             Zot (5/5) Depths:4     Bailey (visited)
  IceCv (visited)          WizLab (visited)
    Dis: Hell:1         Geh: Hell:1         Coc: Hell:1         Tar: Hell:1

Altars:
Ashenzari
Cheibriados
Dithmenos
Elyvilon
Fedhas
Gozag
Hepliaklqana
Kikubaaqudgha
Makhleb
Nemelex Xobeh
Okawaru
Qazlal
Ru
Trog
Uskayaw
Vehumet
Wu Jian
Xom
Yredelemnul
Zin
The Shining One
Lugonu

Shops:
D:15 [   Orc:1 =   Orc:2 [(*([   Elf:1 [   Elf:2 [   Elf:3 :   Shoals:4 =
Snake:1 ?   Depths:1 (!??   Depths:2 [

Portals:
Hell: Depths:1 Depths:2 Depths:3 Depths:4
Abyss: Depths:2 Depths:3 Depths:4
Pandemonium: Depths:1 Depths:2

Annotations:
D:6 1 runed translucent door, Crazy Yiuf
Vaults:3 3 runed translucent doors, Galytir's ghost, adept HOFi
Hell Geryon


Innate Abilities, Weirdness & Mutations

You have a pair of horns on your head.
You reflexively headbutt those who attack you in melee.


Message History

The balrug is wielding a +2 demon whip of venom.
You feel more confident with your borrowed prowess.
The sun demon shouts! x3
You closely miss the sun demon. You headbutt the sun demon!
The sun demon closely misses you. You furiously retaliate!
You headbutt the sun demon!! You chop the sun demon into pieces!!!!
You kill the sun demon!
Okawaru accepts your kill.
You slice the sun demon!!
The sun demon hits you but does no damage.
You open the sun demon like a pillowcase!!!
You kill the sun demon!
Okawaru accepts your kill.
You chop the balrug into pieces!!! You headbutt the balrug!
You slash the sun demon! The balrug gestures at you.
The bolt of fire misses you. The sun demon hits you!
You are engulfed in flames.
You resist.
You closely miss the balrug.
You open the sun demon like a pillowcase!!!
You kill the sun demon!
Okawaru accepts your kill. The balrug gestures at you. Something smites you!
The balrug completely misses you. You furiously retaliate!
You headbutt the balrug. You slice the balrug!!
You kill the balrug!
Okawaru accepts your kill.
An Executioner comes into view.
Okay, then.
The Executioner gestures.
The Executioner seems to speed up.
You open the Executioner like a pillowcase!!!
The Executioner completely misses you. x4; The Executioner closely misses you.
The Executioner completely misses you. x2; You furiously retaliate!
You headbutt the Executioner! The Executioner misses you.
You block the Executioner's attack.
You cut the Executioner into ribbons!!!
You kill the Executioner!
Okawaru accepts your kill.
A hellwing comes into view.
There is an open door here.
A Baheuttu and a hell beast come into view.
Blink to where?
As you read the scroll of blinking, it crumbles to dust.
The hell beast's many legs skitter faintly.
Baheuttu moves out of view.
There is a staircase leading out of the dungeon here.
You have escaped!

...#.......#..###..#.#..........#
...#.4...###...##..#.#..........#
........## ##......#....#########
........# ###.###..........#
........# #................#
...########.#.####.#>......#
............#......#.#######
####.##################
#4##...#...#.@P#...#
#.##P.P#...#...#...#
#.###'###'###'###'##
#.##........2......#
#.4'.&§....##......#
####....2..........#
##'###'###'###'##
#...#...#...#...#
#...#...#...#...#


You could see a hell beast.

Vanquished Creatures
  3 dread liches
  4 ancient liches
  6 orbs of fire (Zot:5)
  2 juggernauts
  Vv (Zot:2)
  4 Killer Klowns (Zot:5)
  The ghost of WeeknightWizard the Sorcerer, a veteran DEFE of Vehumet (Depths:4)
  Saint Roka (Depths:1)
  Xtahua (Arena)
  4 caustic shrikes (Depths:3)
  Vashnia (Snake:4)
  3 curse toes
  12 golden dragons
  2 Brimstone Fiends (D:15)
  2 electric golems
  20 tentacled monstrosities
  3 walking earthen tomes
  2 Ice Fiends
  Jorgrun (Orc:1)
  25 Orb Guardians
  3 deep elf blademasters
  7 liches
  Mlioglotl (Shoals:3)
  3 deep elf master archers
  5 titans
  5 quicksilver dragons
  Polyphemus (Shoals:1)
  A kraken (Shoals:3)
  10 sphinxes
  9 death cobs
  An Executioner (D:1)
  Frances (Snake:1)
  6 ancient champions
  Gastronok (Lair:1)
  Agnes (Snake:1)
  4 revenants
  13 tengu reavers
  11 shadow dragons
  25 storm dragons
  A nargun (Zig:1)
  9 nagarajas
  2 draconian knights
  11 frost giants
  5 draconian monks
  23 vault wardens
  8 deep elf sorcerers
  Ilsuiw (Shoals:2)
  2 balrugs
  4 draconian scorchers
  10 fire giants
  Aizul (Snake:2)
  2 cacodemons (Depths:4)
  An emperor scorpion (shapeshifter) (Depths:3)
  7 draconian stormcallers
  5 ghost moths
  4 draconian shifters
  4 orc warlords
  5 curse skulls
  A spriggan defender (Depths:3)
  A draconian annihilator (Zot:4)
  5 ghouls
  7 deep elf elementalists
  22 ironbound preservers
  A war gargoyle (Zig:5)
  2 reapers
  10 ironbound thunderhulks
  34 very ugly things
  8 stone giants
  7 deep elf demonologists
  4 green draconians
  21 vampire knights
  8 black draconians
  11 deep elf annihilators
  4 spark wasps (Depths:2)
  9 white draconians
  An eleionoma (shapeshifter) (Vaults:5)
  13 red draconians
  7 purple draconians
  3 yellow draconians (Zot:3)
  Azrael (D:14)
  A blizzard demon (D:8)
  2 spectral spriggans (Crypt:3)
  2 mummy priests
  5 merfolk javelineers
  2 quicksilver dragon zombies
  10 fire dragons
  8 deep elf death magi
  6 eidola
  11 ettins
  10 deep elf high priests
  12 merfolk impalers
  3 spriggan zombies
  An entropy weaver (Vaults:5)
  10 great orbs of eyes
  An entropy weaver (shapeshifter) (Depths:4)
  11 jiangshi
  36 vault guards
  22 yaktaur captains
  7 rakshasas
  A salamander tyrant (Snake:1)
  14 ice dragons
  20 centaur warriors
  4 catoblepae
  8 spriggan air magi
  4 spriggan skeletons
  2 death knights
  2 boulder beetles
  8 anacondas
  Erica (Orc:1)
  4 alligator snapping turtles
  6 two-headed ogres
  13 death yaks
  2 merfolk avatars (Shoals:4)
  19 ironbound frosthearts
  7 merfolk aquamancers
  A radroach (shapeshifter) (Vaults:5)
  21 naga warriors
  An alligator (shapeshifter) (Vaults:5)
  33 dancing weapons
  The ghost of Mitcholas the Markself, a journeyman DEHu of Okawaru (D:11)
  A hell hog (Depths:1)
  14 vampire magi
  A deep troll shaman (Depths:1)
  7 tengu warriors
  A spectral naga (Crypt:3)
  A titan zombie (Crypt:2)
  14 naga sharpshooters
  9 deep troll earth magi
  5 orc high priests
  14 hell knights
  9 spriggan berserkers
  6 sun demons
  A storm dragon zombie (Crypt:2)
  6 shock serpents
  5 spriggans
  A titan skeleton (Crypt:2)
  20 deep elf knights
  Amaemon (D:9)
  3 soul eaters
  10 iron trolls
  17 shadow wraiths
  An iron giant zombie (Crypt:2)
  44 skeletal warriors
  6 salamander mystics
  A bunyip zombie (Crypt:2)
  3 glowing orange brains
  11 sea snakes
  73 deep trolls
  7 flayed ghosts
  19 deep elf archers
  A spectral hydra (Crypt:3)
  23 ironbound convokers
  10 naga ritualists
  2 bog bodies
  9 wizards
  4 harpies (shapeshifter)
  8 lindwurms
  A golden dragon skeleton (Crypt:3)
  A deep troll (shapeshifter) (Depths:4)
  A shadow dragon zombie (Depths:1)
  An orange crystal statue (IceCv)
  34 harpies
  34 deep elf pyromancers
  28 phantasmal warriors
  32 deep elf zephyrmancers
  An obsidian statue (Zot:5)
  12 necromancers
  A tengu skeleton (Depths:1)
  7 fauns
  2 frost giant zombies (Vaults:3)
  A mana viper (shapeshifter) (Vaults:5)
  2 tengu zombies
  12 mana vipers
  52 ugly things
  16 orc knights
  A spectral ettin (Crypt:3)
  19 manticores
  5 orc sorcerers
  A fire giant skeleton (Depths:1)
  A fire giant zombie (Vaults:4)
  4 large abominations (Depths:2)
  A shadow dragon skeleton (Vaults:3)
  23 moths of wrath
  A manticore (shapeshifter) (Zig:5)
  6 cyclopes
  6 elephants (Lair:5)
  18 salamanders
  A jorogumo skeleton (Crypt:3)
  A human skeleton (Vaults:3)
  4 merfolk sirens
  2 iron dragon skeletons (Crypt:2)
  21 naga magi
  A moth of wrath (shapeshifter) (Vaults:5)
  2 dire elephant zombies
  A sphinx skeleton (Depths:1)
  Maurice (Orc:2)
  8 guardian serpents
  2 orange demons
  37 black mambas
  A rust devil (Depths:2)
  23 vault sentinels
  A cane toad (shapeshifter) (Depths:4)
  A demonic crawler (D:15)
  2 smoke demons
  9 cane toads
  An alligator snapping turtle zombie (Crypt:1)
  A centaur skeleton (Tomb:1)
  6 water nymphs
  Joseph (D:9)
  2 titan simulacra
  Maggie (D:9)
  A shock serpent skeleton (Crypt:1)
  A grey draconian zombie (Crypt:1)
  11 rime drakes
  A yellow draconian zombie (Crypt:2)
  A dire elephant skeleton (Crypt:2)
  A yaktaur zombie (Vaults:3)
  An ice devil (Depths:1)
  10 komodo dragons
  4 kobold demonologists
  An unseen horror (Depths:2)
  9 freezing wraiths
  3 tengu conjurers
  2 efreet
  47 yaktaurs
  An anaconda simulacrum (Crypt:1)
  A harpy zombie (Crypt:2)
  A yaktaur skeleton (Vaults:4)
  6 guardian mummies
  A red devil (Depths:2)
  35 merfolk
  A spectral harpy (Crypt:3)
  A troll (shapeshifter) (Vaults:2)
  8 polar bears (IceCv)
  5 meliai
  A wind drake (shapeshifter) (Depths:4)
  14 wind drakes
  A hydra zombie (Crypt:2)
  7 trolls
  A raiju (shapeshifter) (Depths:4)
  A harpy skeleton (Crypt:2)
  3 hellwings (D:15)
  15 blink frogs
  A mana viper skeleton (Crypt:3)
  6 hornets
  Grinder (D:6)
  14 dream sheep
  An iron dragon simulacrum (Vaults:4)
  A hydra skeleton (Crypt:2)
  A dream sheep (shapeshifter) (Depths:1)
  15 snapping turtles
  A black mamba zombie (Crypt:2)
  32 flying skulls
  29 slime creatures
  A spriggan (shapeshifter) (Elf:2)
  8 vampires
  7 air elementals
  A ynoxinul (Depths:2)
  A culicivora (shapeshifter) (Vaults:2)
  27 water elementals
  9 wraiths
  12 shadows
  A yak (shapeshifter) (Depths:4)
  3 ushabtiu
  A wyvern (Lair:4)
  A black mamba skeleton (Crypt:1)
  3 neqoxecs (D:11)
  2 steam dragons (D:8)
  3 golden eyes (D:4)
  38 yaks
  A basilisk (shapeshifter) (Depths:4)
  8 basilisks
  12 humans (D:14)
  Grum (Bailey)
  10 fire elementals
  2 chaos spawn (Depths:2)
  An elf simulacrum (Vaults:4)
  12 vampire mosquitoes
  A warg (shapeshifter) (Vaults:5)
  8 wargs
  A fire bat zombie (Crypt:1)
  56 nagas
  A glowing shapeshifter zombie (Vaults:3)
  An acid dragon (D:9)
  An entropy weaver zombie (Vaults:3)
  6 water moccasins
  8 small abominations (Depths:2)
  4 hell hounds
  3 two-headed ogre zombies (WizLab)
  2 glowing shapeshifter skeletons
  A deep troll skeleton (Crypt:1)
  49 orc warriors
  An ice beast (D:7)
  A sky beast (D:7)
  A sky beast (shapeshifter) (D:15)
  7 boggarts
  8 ogres
  20 wolves
  11 centaurs
  A torpor snail zombie (Crypt:3)
  2 phantoms (D:5)
  10 kobold brigands
  10 bullfrogs
  A necrophage (D:6)
  3 earth elementals (Elf:1)
  A human zombie (Vaults:4)
  A salamander skeleton (Crypt:1)
  9 gnoll sergeants
  4 scorpions
  13 wights
  A polar bear zombie (Crypt:3)
  9 troll zombies (WizLab)
  A polar bear skeleton (Crypt:1)
  10 killer bees (D:9)
  An electric eel (Lair:5)
  6 howler monkeys
  A raiju skeleton (Crypt:2)
  2 human simulacra
  3 quasits (D:11)
  A wolf skeleton (Crypt:2)
  3 jellies
  3 hounds
  21 orc priests
  10 iguanas
  An iron imp (D:8)
  11 gnoll boudas
  5 hell rats
  A boggart zombie (Crypt:1)
  35 orc wizards
  4 ogre zombies (WizLab)
  20 mummies
  Robin (D:4)
  5 adders
  51 gnolls
  A swamp drake skeleton (Crypt:2)
  A shadow imp (D:5)
  3 white imps
  An ufetubus (D:5)
  An adder skeleton (Crypt:2)
  2 worms
  3 dart slugs
  89 orcs
  10 ball pythons
  3 bats
  3 endoplasms
  2 giant cockroaches
  18 goblins
  7 hobgoblins
  A quokka (D:4)
  2 river rat zombies
  4 frilled lizards
  A frilled lizard skeleton (Crypt:2)
  35 kobolds
  2 quokka skeletons (Crypt:3)
  4 rats
  2 tentacles (Shoals:3)
2755 creatures vanquished.

Vanquished Creatures (collateral kills)
  4 orcs (Orc:2)
4 creatures vanquished.

Vanquished Creatures (others)
  A draconian knight (Zot:4)
  A draconian stormcaller (Zot:3)
  A black draconian (Zot:3)
  A deep elf high priest (Zig:10)
  A glowing orange brain (shapeshifter) (Depths:4)
  A wizard (Elf:1)
  An orc priest (Orc:2)
  An orc (Orc:2)
  33 fungi
  127 plants
  4 tentacles (Shoals:3)
  54 withered plants (Crypt:2)
226 creatures vanquished.

Grand Total: 2985 creatures vanquished

Notes
Turn   | Place    | Note
-------+----------+-------------------------------------------
     0 | D:1      | Pooter the Minotaur Monk began the quest for the Orb.
     0 | D:1      | Reached XP level 1. HP: 19/19 MP: 0/0
    69 | D:1      | Reached XP level 2. HP: 25/27 MP: 1/1
   111 | D:1      | Reached skill level 4 in Axes
   547 | D:1      | Learned a level 1 spell: Sandblast
   772 | D:1      | Reached XP level 3. HP: 31/33 MP: 2/2
  1072 | D:2      | Reached skill level 1 in Maces & Flails
  1072 | D:2      | Reached skill level 1 in Ranged Weapons
  1082 | D:2      | Reached XP level 4. HP: 21/40 MP: 3/3
  1359 | D:2      | Found a sacrificial altar of Ru.
  1883 | D:3      | Found a glowing silver altar of Zin.
  2039 | D:3      | Found an opulent altar of Gozag.
  2425 | D:3      | Found a faded altar of an unknown god.
  2615 | D:4      | Found a hazy altar of Hepliaklqana.
  2633 | D:4      | Found a sacrificial altar of Ru.
  2654 | D:4      | Reached XP level 5. HP: 44/47 MP: 4/4
  2664 | D:4      | Reached skill level 1 in Armour
  2815 | D:4      | Reached skill level 5 in Axes
  2861 | D:4      | Noticed Robin
  2909 | D:4      | Killed Robin
  3180 | D:4      | Reached XP level 6. HP: 38/55 MP: 5/5
  3313 | D:5      | Entered Level 5 of the Dungeon
  3351 | D:5      | Identified 2 scrolls of acquirement
  3351 | D:5      | Acquired the +1 pair of gloves of Wonder {rF- rN+ Slay+3
                  | SInv}
  3357 | D:5      | Acquired the +4 pair of gloves "Diotuol" {rC+ Stlth+}
  3596 | D:5      | Reached skill level 5 in Fighting
  3730 | D:5      | Reached XP level 7. HP: 48/61 MP: 6/6
  3893 | D:5      | Reached skill level 6 in Axes
  4270 | D:6      | Noticed Grinder
  4278 | D:6      | Killed Grinder
  4279 | D:6      | Reached skill level 7 in Axes
  4279 | D:6      | Reached skill level 5 in Ranged Weapons
  4279 | D:6      | Reached XP level 8. HP: 70/70 MP: 7/7
  4430 | D:6      | Found a staircase to the Ecumenical Temple.
  4441 | Temple   | Entered the Ecumenical Temple
  4448 | Temple   | Became a worshipper of Warmaster Okawaru
  4448 | Temple   | Reached * piety under Okawaru
  4448 | Temple   | Reached ** piety under Okawaru
  4654 | D:6      | Found a blossoming altar of Fedhas.
  4662 | D:6      | Found a glowing golden altar of the Shining One.
  4894 | D:6      | Found a runed translucent door.
  4895 | D:6      | Noticed Crazy Yiuf
  5253 | D:7      | Reached skill level 8 in Axes
  5367 | D:7      | You fall into a shaft and drop 2 floors!
  5399 | D:9      | Reached XP level 9. HP: 41/78 MP: 6/8
  5569 | D:9      | Noticed Amaemon
  5571 | D:9      | Noticed an orange demon
  5593 | D:9      | Killed Amaemon
  5593 | D:9      | Reached *** piety under Okawaru
  5594 | D:9      | Reached skill level 5 in Armour
  5602 | D:9      | Killed an orange demon
  5603 | D:9      | Reached skill level 9 in Axes
  5793 | D:8      | Reached skill level 5 in Stealth
  5862 | D:8      | Found a flagged portal.
  6040 | Bailey   | Entered a bailey
  6118 | Bailey   | Reached XP level 10. HP: 59/86 MP: 9/9
  6387 | Bailey   | Reached skill level 10 in Axes
  6619 | Bailey   | Got the Anthology of Heavy Transposition
  6724 | Bailey   | Noticed Grum
  6739 | Bailey   | Killed Grum
  6947 | Bailey   | Got Sif Muna's Guidebook on the Faeries and Scree
  7079 | D:8      | Found a stormy altar of Qazlal.
  7131 | D:8      | Found a snail-covered altar of Cheibriados.
  7362 | D:8      | Paralysed by a hornet for 3 turns
  7711 | D:8      | Found an ornate altar of the Wu Jian Council.
  7889 | D:7      | Found a broken altar of Ashenzari.
  8229 | D:9      | Noticed Maggie
  8244 | D:9      | Killed Maggie
  8327 | D:9      | Reached skill level 11 in Axes
  8365 | D:9      | Noticed a two-headed ogre
  8375 | D:9      | Killed a two-headed ogre
  8453 | D:9      | Noticed a boulder beetle
  8468 | D:9      | Killed a boulder beetle
  8469 | D:9      | Reached XP level 11. HP: 84/95 MP: 10/10
  8553 | D:9      | Noticed a white ugly thing
  8563 | D:9      | Killed a white ugly thing
  8752 | D:9      | Noticed Joseph
  8772 | D:9      | Killed Joseph
  8773 | D:9      | Reached skill level 10 in Ranged Weapons
  8993 | D:10     | Entered Level 10 of the Dungeon
  9150 | D:10     | Found a staircase to the Orcish Mines.
  9162 | Orc:1    | Entered Level 1 of the Orcish Mines
  9165 | Orc:1    | Noticed Jorgrun
  9168 | Orc:1    | Noticed an orc knight
  9289 | D:10     | Killed an orc knight
  9400 | Orc:1    | Killed Jorgrun
  9401 | Orc:1    | Reached skill level 12 in Axes
  9841 | Orc:1    | Found Utuno's Jewellery Shop.
  9844 | Orc:1    | Noticed an orc knight
  9858 | Orc:1    | Killed an orc knight
 10129 | Orc:2    | Entered Level 2 of the Orcish Mines
 10800 | Orc:2    | Found a staircase to the Elven Halls.
 11631 | Orc:2    | Noticed an orc knight
 11644 | Orc:2    | Killed an orc knight
 11645 | Orc:2    | Reached skill level 1 in Invocations
 11645 | Orc:2    | Reached skill level 1 in Evocations
 11645 | Orc:2    | Found Wefykhir's General Store.
 11871 | Orc:2    | Bought a scroll of fog for 68 gold pieces
 11871 | Orc:2    | Bought a scroll of identify for 34 gold pieces
 11871 | Orc:2    | Bought a potion of curing for 51 gold pieces
 11908 | Orc:2    | Noticed an orc high priest
 11910 | Orc:2    | Noticed an orc sorcerer
 11911 | Orc:2    | Noticed a sixfirhy
 11912 | Orc:2    | Noticed a soul eater
 11915 | Orc:2    | Killed an orc high priest
 11915 | Orc:2    | Reached **** piety under Okawaru
 11919 | Orc:2    | Killed an orc sorcerer
 12072 | Orc:2    | Found Rimniumi's Weapon Shoppe.
 12107 | Orc:1    | Reached skill level 13 in Axes
 12107 | Orc:1    | Reached XP level 12. HP: 85/106 MP: 12/12
 12196 | Orc:1    | Noticed Erica
 12207 | Orc:1    | Killed Erica
 12207 | Orc:1    | Reached ***** piety under Okawaru
 12423 | Orc:2    | Found Dalim's Antique Armour Shoppe.
 12518 | Orc:2    | Noticed Maurice
 12530 | Orc:2    | Killed Maurice
 14394 | Orc:2    | Found Galecweg's Antique Weapon Emporium.
 14396 | Orc:2    | Found Hegre's Antique Armour Shoppe.
 14411 | Orc:2    | Bought the -2 hat of the Alchemist {rElec rPois rF+ rC+ rN+
                  | Will+ rMut rCorr} for 1463 gold pieces
 14411 | Orc:2    | Found the -2 hat of the Alchemist {rElec rPois rF+ rC+ rN+
                  | Will+ rMut rCorr}
 14488 | Orc:2    | Noticed an orc warlord
 14512 | Orc:2    | Reached skill level 10 in Fighting
 14794 | D:10     | Found a radiant altar of Vehumet.
 15742 | D:11     | Upgraded the game from 0.30-a0-672-gc3a7216ad8 to
                  | 0.30-a0-691-g754fce4c43
 15743 | D:11     | Noticed a two-headed ogre
 15747 | D:11     | Killed a two-headed ogre
 16501 | D:11     | Found a staircase to the Lair.
 16518 | Lair:1   | Entered Level 1 of the Lair of Beasts
 16872 | Lair:1   | Reached skill level 14 in Axes
 17006 | Lair:1   | Noticed Gastronok
 17021 | Lair:1   | Killed Gastronok
 17707 | Orc:1    | Bought an amulet of regeneration for 420 gold pieces
 18123 | Lair:2   | Found an ancient bone altar of Kikubaaqudgha.
 18127 | Lair:2   | Reached XP level 13. HP: 114/114 MP: 14/14
 18523 | Lair:2   | Identified the +4 plate armour "Ahivyoti" {rN+ Int+3}
                  | (Okawaru gifted it to you on level 2 of the Lair of Beasts)
 18523 | Lair:2   | Received a gift from Okawaru
 18574 | Lair:2   | Identified the +4 war axe "Arygaysa" {heavy, rF+ Str-5
                  | Dex+7}
 18703 | Lair:2   | Reached skill level 10 in Armour
 18871 | Lair:3   | Found a staircase to the Snake Pit.
 18950 | Lair:3   | Found a staircase to the Shoals.
 20125 | Lair:5   | Entered Level 5 of the Lair of Beasts
 20136 | Lair:5   | Reached skill level 5 in Invocations
 20510 | Lair:5   | Received a gift from Okawaru
 20511 | Lair:5   | Reached skill level 15 in Axes
 20612 | Lair:5   | Reached XP level 14. HP: 93/124 MP: 17/17
 20616 | Lair:5   | Received a gift from Okawaru
 20619 | Lair:5   | Reached ****** piety under Okawaru
 20696 | Lair:5   | Identified the +4 chain mail of Okawaru's Reproof {*Corrode
                  | rC+ rN+} (Okawaru gifted it to you on level 5 of the Lair
                  | of Beasts)
 20696 | Lair:5   | Received a gift from Okawaru
 20920 | Lair:5   | Found a staircase to the Slime Pits.
 21744 | D:11     | Found a transporter.
 21780 | D:11     | Found a transporter.
 21783 | D:11     | Noticed Mitcholas's ghost (journeyman DEHu)
 21997 | D:11     | Killed Mitcholas's ghost
 23263 | D:13     | Reached skill level 15 in Ranged Weapons
 23722 | D:14     | Received a gift from Okawaru
 23825 | D:14     | Noticed Azrael
 23843 | D:14     | Received a gift from Okawaru
 23854 | D:14     | Killed Azrael
 23959 | D:14     | Received a gift from Okawaru
 24107 | D:14     | Reached XP level 15. HP: 82/134 MP: 19/19
 26079 | D:14     | Received a gift from Okawaru
 26082 | D:14     | Reached skill level 16 in Axes
 26108 | D:14     | Found a gate to the Vaults.
 26427 | D:15     | Entered Level 15 of the Dungeon
 26872 | D:15     | Reached skill level 5 in Evocations
 27023 | D:15     | Found Foaxyrph's Armour Shoppe.
 27417 | D:15     | Acquired a manual of Ranged Weapons
 27419 | D:15     | Acquired the +2 pair of gloves of Hide-and-Seek {rC- rN+++
                  | Str+5 Dex-2}
 27422 | D:15     | Acquired 773 gold pieces
 27431 | D:15     | Identified the +6 crystal plate armour "Gocveahi" {rElec
                  | Str+3 Stlth+} (Okawaru gifted it to you on level 15 of the
                  | Dungeon)
 27431 | D:15     | Received a gift from Okawaru
 27488 | D:15     | Found a staircase to the Depths.
 27814 | D:15     | Identified the +1 pair of gloves "Ymaonyi" {rF+ Str+2}
 28085 | Elf:1    | Entered Level 1 of the Elven Halls
 28729 | Elf:1    | Found Maanusas's Antique Armour Emporium.
 28755 | Elf:1    | Reached skill level 15 in Armour
 28841 | Elf:1    | Paralysed by an air elemental for 1 turns
 29239 | Elf:1    | Received a gift from Okawaru
 29390 | Elf:1    | Reached XP level 16. HP: 144/144 MP: 21/21
 30040 | Elf:2    | Identified the ring "Xomeng" {rElec rN+ Will+ AC+4 Slay+3}
 30205 | Elf:2    | Found an ancient bone altar of Kikubaaqudgha.
 30333 | Elf:2    | Found a runed translucent gate.
 30333 | Elf:2    | Found a runed translucent gate.
 30337 | Elf:2    | Received a gift from Okawaru
 30338 | Elf:2    | Found a runed translucent gate.
 30667 | Elf:2    | Received a gift from Okawaru
 30903 | Elf:2    | Noticed a deep elf blademaster
 30907 | Elf:2    | Killed a deep elf blademaster
 31280 | Elf:2    | Found Yqovugg's Armour Shop.
 32422 | Elf:2    | Received a gift from Okawaru
 32423 | Elf:2    | Reached skill level 17 in Axes
 33945 | Elf:3    | Entered Level 3 of the Elven Halls
 34062 | Elf:3    | Found Hinoz's Book Shoppe.
 34185 | Elf:3    | Identified the +1 halberd of Temperance {heavy, rPois Str+5
                  | Dex+2} (Okawaru gifted it to you on level 3 of the Elven
                  | Halls)
 34185 | Elf:3    | Received a gift from Okawaru
 34807 | Elf:3    | Paralysed by an air elemental for 1 turns
 34812 | Elf:3    | Paralysed by an air elemental for 1 turns
 34814 | Elf:3    | Reached XP level 17. HP: 151/154 MP: 23/23
 35071 | Elf:3    | Noticed a Tzitzimitl
 36697 | Elf:3    | Identified the +0 leather armour "Vopraic" {rF+++ Regen+
                  | Int-5 Stlth+}
 36715 | Elf:3    | Reached skill level 5 in Maces & Flails
 37347 | Elf:3    | Noticed a Hell Sentinel
 37348 | Elf:3    | Noticed a Tzitzimitl
 37801 | Elf:3    | Noticed a deep elf master archer
 37803 | Elf:3    | Killed a deep elf master archer
 38337 | Elf:3    | Identified the ring of Ciegef {rN+ Str+4 Int-4 SInv Stlth+}
 39016 | Elf:3    | Identified the ring "Oduimugg" {Fly MP+9 Stlth+}
 39063 | Elf:3    | Identified the +2 quarterstaff of Symmetry {flame, Dex+3}
 39063 | Elf:3    | Identified the +2 swamp dragon scales of the Snail {rPois
                  | rF+}
 39122 | Elf:3    | Identified the amulet "Pesiem" {Spirit rElec Int+2}
 39135 | Elf:3    | Identified the ring "Cobaelle" {Will+ rCorr Int+5 Dex-3
                  | Slay+2}
 39145 | Elf:3    | Identified the +0 pair of boots of the Sixty-Six Villages
                  | {rPois Str-4 Int+2} (Okawaru gifted it to you on level 3 of
                  | the Elven Halls)
 39145 | Elf:3    | Received a gift from Okawaru
 41068 | Shoals:1 | Entered Level 1 of the Shoals
 41089 | Shoals:1 | Reached skill level 5 in Dodging
 41172 | Lair:3   | Upgraded the game from 0.30-a0-691-g754fce4c43 to
                  | 0.30-a0-696-g2367cd04db
 41245 | Shoals:1 | Reached skill level 18 in Axes
 41338 | Shoals:1 | Reached skill level 10 in Invocations
 42137 | Shoals:2 | Noticed Polyphemus
 42147 | Shoals:1 | Killed Polyphemus
 42159 | Shoals:1 | Reached skill level 15 in Fighting
 42714 | Shoals:2 | Noticed Ilsuiw
 42742 | Shoals:2 | Killed Ilsuiw
 43114 | Shoals:2 | Reached XP level 18. HP: 163/163 MP: 24/24
 43527 | Shoals:2 | Received a gift from Okawaru
 44054 | Shoals:3 | Noticed Mlioglotl
 44061 | Shoals:3 | Killed Mlioglotl
 44625 | Shoals:4 | Entered Level 4 of the Shoals
 45248 | Shoals:4 | Found Sopnefucs's Jewellery Emporium.
 45926 | Shoals:4 | Received a gift from Okawaru
 46052 | Shoals:4 | Got a barnacled rune of Zot
 46436 | Snake:1  | Entered Level 1 of the Snake Pit
 46498 | Snake:1  | Noticed Agnes
 46502 | Snake:1  | Killed Agnes
 46619 | Snake:1  | Noticed Frances
 46627 | Snake:1  | Killed Frances
 46783 | Snake:1  | Found Copp's Magic Scroll Shop.
 46794 | Snake:1  | Bought a scroll of enchant weapon for 120 gold pieces
 48471 | Snake:2  | Found a frozen archway.
 48507 | Snake:2  | Reached XP level 19. HP: 160/172 MP: 26/26
 48534 | IceCv    | Entered an ice cave
 49131 | IceCv    | Found the +8 frozen axe "Frostbite" {freeze, freezing
                  | cloud, *Noise Fly rC+}
 49138 | IceCv    | Identified the ring "Guqao" {Ice rCorr Str+3 Int-4 Stlth+}
 49299 | IceCv    | Reached XP level 20. HP: 143/181 MP: 27/27
 49337 | IceCv    | Reached XP level 21. HP: 188/188 MP: 28/28
 49521 | Snake:2  | Noticed Aizul
 49527 | Snake:2  | Killed Aizul
 51425 | Snake:3  | Received a gift from Okawaru
 51449 | Snake:3  | Identified the +0 chain mail "Xunax" {rF+}
 51838 | Snake:4  | Entered Level 4 of the Snake Pit
 53224 | Snake:4  | Found a shimmering altar of Xom.
 53378 | Snake:4  | Acquired a manual of Invocations
 53718 | Snake:4  | Reached skill level 19 in Axes
 53721 | Snake:4  | Reached skill level 10 in Stealth
 53728 | Snake:4  | Noticed Vashnia
 53732 | Snake:4  | Received a gift from Okawaru
 54188 | Snake:4  | Reached skill level 10 in Dodging
 57973 | Snake:4  | Killed Vashnia
 57995 | Snake:4  | Reached XP level 22. HP: 200/200 MP: 30/30
 58081 | Snake:4  | Got a serpentine rune of Zot
 58743 | Vaults:1 | Entered Level 1 of the Vaults
 58999 | Vaults:1 | Upgraded the game from 0.30-a0-696-g2367cd04db to
                  | 0.30-a0-702-gdf48620a09
 59701 | Vaults:1 | Received a gift from Okawaru
 60567 | Vaults:2 | Found a staircase to the Crypt.
 60567 | Vaults:2 | Found an ancient bone altar of Kikubaaqudgha.
 60569 | Vaults:2 | Received a gift from Okawaru
 60590 | Vaults:2 | Found a basalt altar of Yredelemnul.
 60622 | Vaults:2 | Found a huge runed gate.
 60622 | Vaults:2 | Found a huge runed gate.
 60622 | Vaults:2 | Found a huge runed gate.
 60623 | Vaults:2 | Found a huge runed gate.
 60623 | Vaults:2 | Found a huge runed gate.
 60623 | Vaults:2 | Found a huge runed gate.
 60623 | Vaults:2 | Found a huge runed gate.
 60624 | Vaults:2 | Found a huge runed gate.
 60675 | Vaults:2 | Reached skill level 5 in Throwing
 60686 | Vaults:2 | Found a huge runed gate.
 60686 | Vaults:2 | Found a huge runed gate.
 60709 | Vaults:2 | Found a flickering gateway to a bazaar.
 60720 | Bazaar   | Entered a bazaar
 60747 | Bazaar   | Found Sioteyh's Distillery.
 60755 | Bazaar   | Bought a potion of might for 56 gold pieces
 60755 | Bazaar   | Bought a potion of resistance for 140 gold pieces
 60755 | Bazaar   | Bought a potion of heal wounds for 70 gold pieces
 60755 | Bazaar   | Bought a potion of heal wounds for 70 gold pieces
 60755 | Bazaar   | Bought a potion of mutation for 112 gold pieces
 60760 | Bazaar   | Found Jucs's Jewellery Shop.
 60770 | Bazaar   | Found Vavon's Magic Scroll Shoppe.
 60776 | Bazaar   | Found Jedateq's Magic Scroll Shop.
 60777 | Bazaar   | Bought a scroll of enchant armour for 112 gold pieces
 60785 | Bazaar   | Bought a scroll of enchant weapon for 127 gold pieces
 60801 | Bazaar   | Bought a ring of protection from cold for 325 gold pieces
 61024 | Vaults:2 | Found a huge runed gate.
 61024 | Vaults:2 | Found a huge runed gate.
 61024 | Vaults:2 | Found a huge runed gate.
 61024 | Vaults:2 | Found a huge runed gate.
 61024 | Vaults:2 | Found a huge runed gate.
 61024 | Vaults:2 | Found a huge runed gate.
 61025 | Vaults:2 | Found a huge runed gate.
 61025 | Vaults:2 | Found a huge runed gate.
 61025 | Vaults:2 | Found a huge runed gate.
 61032 | Vaults:2 | Found a huge runed gate.
 61032 | Vaults:2 | Found a huge runed gate.
 61032 | Vaults:2 | Found a huge runed gate.
 61032 | Vaults:2 | Found a huge runed gate.
 61032 | Vaults:2 | Found a huge runed gate.
 61032 | Vaults:2 | Found a huge runed gate.
 61033 | Vaults:2 | Found a huge runed gate.
 61034 | Vaults:2 | Found a huge runed gate.
 61035 | Vaults:2 | Found a huge runed gate.
 61043 | Vaults:2 | Found a huge runed gate.
 61043 | Vaults:2 | Found a huge runed gate.
 61043 | Vaults:2 | Found a huge runed gate.
 61043 | Vaults:2 | Found a huge runed gate.
 61043 | Vaults:2 | Found a huge runed gate.
 61043 | Vaults:2 | Found a huge runed gate.
 61044 | Vaults:2 | Found a huge runed gate.
 61045 | Vaults:2 | Found a huge runed gate.
 61066 | Vaults:2 | Received a gift from Okawaru
 61249 | Vaults:2 | Reached skill level 20 in Axes
 61536 | Vaults:2 | Identified the +2 hat of Duty {rN+} (Okawaru gifted it to
                  | you on level 2 of the Vaults)
 61536 | Vaults:2 | Received a gift from Okawaru
 61765 | Vaults:2 | Reached XP level 23. HP: 210/210 MP: 32/32
 61866 | Crypt:1  | Entered Level 1 of the Crypt
 62344 | Crypt:1  | Identified the +7 quarterstaff of the Black Skies {elec,
                  | *Rage rElec rF- Int+3 Dex+6}
 63020 | Crypt:2  | Reached skill level 10 in Evocations
 63078 | Crypt:2  | Reached skill level 15 in Invocations
 64025 | Crypt:2  | Identified the +2 pair of gloves of the Good {rC+ rN+
                  | Regen+ Int+2}
 64113 | Crypt:3  | Entered Level 3 of the Crypt
 64498 | Crypt:3  | Received a gift from Okawaru
 64597 | Crypt:3  | Identified the +1 cloak of Gumemo {Int+4 Dex+3 SInv}
                  | (Okawaru gifted it to you on level 3 of the Crypt)
 64597 | Crypt:3  | Received a gift from Okawaru
 64949 | Crypt:3  | Found a staircase to the Tomb.
 65010 | Crypt:3  | Reached XP level 24. HP: 171/221 MP: 33/34
 65219 | Crypt:3  | Reached skill level 21 in Axes
 65261 | Crypt:3  | Found a basalt altar of Yredelemnul.
 65769 | Tomb:1   | Entered Level 1 of the Tomb of the Ancients
 67532 | Vaults:3 | Noticed Xtahua
 67534 | Arena    | Entered the Arena
 67539 | Arena    | Killed Xtahua
 69415 | Vaults:3 | Received a gift from Okawaru
 69811 | Vaults:3 | Found a runed translucent gate.
 69811 | Vaults:3 | Found a runed translucent gate.
 69811 | Vaults:3 | Found a runed translucent gate.
 69811 | Vaults:3 | Identified the +8 chain mail of the Moon Troll {Contam
                  | Regen+ rCorr Str+3}
 69811 | Vaults:3 | Noticed Galytir's ghost (adept HOFi)
 70192 | Vaults:4 | Received a gift from Okawaru
 71012 | Vaults:4 | Received a gift from Okawaru
 71292 | Vaults:4 | Reached XP level 25. HP: 183/232 MP: 34/34
 71822 | Depths:1 | Entered Level 1 of the Depths
 72077 | Depths:1 | Noticed Saint Roka
 72098 | Depths:1 | Killed Saint Roka
 72220 | Depths:1 | Found a one-way gate leading to the halls of Pandemonium.
 72319 | Depths:1 | Reached skill level 22 in Axes
 72548 | Depths:1 | Received a gift from Okawaru
 72724 | Depths:1 | Found Rayrgh Wuipp's Antique Weapon Shoppe.
 72763 | Depths:1 | Found Hyghuoj's Magic Scroll Emporium.
 72763 | Depths:1 | Found Onor's Distillery.
 72787 | Depths:1 | Found Sideqeun's Magic Scroll Emporium.
 72790 | Depths:1 | Bought a potion of curing for 45 gold pieces
 72790 | Depths:1 | Bought a potion of might for 60 gold pieces
 72790 | Depths:1 | Bought a potion of curing for 45 gold pieces
 72793 | Depths:1 | Bought a scroll of teleportation for 63 gold pieces
 72793 | Depths:1 | Bought a scroll of enchant weapon for 157 gold pieces
 72793 | Depths:1 | Bought a scroll of teleportation for 63 gold pieces
 72793 | Depths:1 | Bought a scroll of teleportation for 63 gold pieces
 72797 | Depths:1 | Bought a scroll of teleportation for 54 gold pieces
 72797 | Depths:1 | Bought a scroll of teleportation for 54 gold pieces
 73010 | Depths:1 | Found a gateway to Hell.
 73019 | Hell     | Entered the Vestibule of Hell
 73019 | Hell     | Noticed Geryon
 73541 | Depths:2 | Found a one-way gate to the infinite horrors of the Abyss.
 73596 | Depths:2 | Found Zaniadgh's Armour Shop.
 73629 | Depths:2 | Received a gift from Okawaru
 73643 | Depths:2 | Reached skill level 15 in Dodging
 73712 | Depths:2 | Identified the +4 ring mail of Too Many Cooks {Dex+2}
 73876 | Depths:2 | Found a magical portal.
 73885 | WizLab   | Entered Zonguldrok's Shrine
 74087 | WizLab   | Noticed an antique lich
 74093 | WizLab   | Killed an antique lich
 74098 | WizLab   | Found the +9 sword of Zonguldrok {reap}
 75107 | Depths:3 | Reached skill level 23 in Axes
 76799 | Depths:3 | Noticed a juggernaut
 76807 | Depths:3 | Killed a juggernaut
 77730 | Depths:3 | Identified the +1 ring mail of Hubris {Slay+4}
 77778 | Depths:3 | Received a gift from Okawaru
 77861 | Depths:3 | Found a one-way gateway to a ziggurat.
 77870 | Zig:1    | Entered Level 1 of a ziggurat
 77920 | Zig:2    | Entered Level 2 of a ziggurat
 78003 | Zig:3    | Entered Level 3 of a ziggurat
 78009 | Zig:3    | Reached XP level 26. HP: 244/244 MP: 35/35
 78044 | Zig:3    | Found the +3 Mad Mage's Maulers {Infuse+∞ VampMP -Cast}
 78057 | Zig:4    | Entered Level 4 of a ziggurat
 78062 | Zig:4    | Noticed a dread lich
 78075 | Zig:4    | Killed a dread lich
 78218 | Zig:4    | Identified the +5 dagger "Jelly's Funeral" {spect, rElec
                  | rC+ Dex+3}
 78227 | Zig:5    | Entered Level 5 of a ziggurat
 78234 | Zig:5    | Noticed a dread lich
 78241 | Zig:5    | Killed a dread lich
 78261 | Zig:5    | Identified the +1 long sword "Newtslayer" {flame, Will-
                  | MP+9 Dex+4 SInv Stlth+}
 78270 | Zig:6    | Entered Level 6 of a ziggurat
 78306 | Zig:6    | Identified the ring of Nuax {rElec rF+ rCorr Str+6 Dex+3}
 78318 | Zig:7    | Entered Level 7 of a ziggurat
 78405 | Zig:7    | Identified the +5 rapier of the Forgotten Prophets {flame,
                  | MP+9 Int+3 Dex+5}
 78420 | Zig:8    | Entered Level 8 of a ziggurat
 78443 | Zig:8    | Found the +10 Black Knight's barding {ponderous, rPois rN+}
 78548 | Zig:8    | Found the necklace of Bloodlust {Fury *Rage Will++ Int-3
                  | Slay+6}
 78553 | Zig:8    | Got the Tome of the Tesseract and Apparitions
 78560 | Zig:8    | Identified the +4 whip of Destiny {vamp, *Slow rN++ Will+
                  | Str+2}
 78567 | Zig:8    | Identified the +2 ring mail of Generosity {Dex+4}
 78571 | Zig:9    | Entered Level 9 of a ziggurat
 78580 | Zig:9    | Paralysed by an air elemental for 1 turns
 78584 | Zig:9    | Paralysed by an air elemental for 1 turns
 78649 | Zig:10   | Entered Level 10 of a ziggurat
 78657 | Zig:10   | Paralysed by an air elemental for 1 turns
 78661 | Zig:10   | Paralysed by an air elemental for 1 turns
 78931 | Depths:3 | Reached skill level 24 in Axes
 78950 | Depths:3 | Identified the +8 scimitar of the Hurting Priest {drain,
                  | Str-4 Int+4}
 79245 | Depths:3 | Learned a level 1 spell: Apportation
 79704 | Depths:4 | Entered Level 4 of the Depths
 79708 | Depths:4 | Found a shimmering altar of Xom.
 79709 | Depths:4 | Found a runed translucent gate.
 79709 | Depths:4 | Found a runed translucent gate.
 79709 | Depths:4 | Found a runed translucent gate.
 79730 | Depths:4 | Found a flickering gateway to a bazaar.
 79744 | Bazaar   | Entered a bazaar
 79758 | Bazaar   | Found Vayhuyp's Book Emporium.
 79774 | Bazaar   | Found Unid's Book Shoppe.
 79789 | Bazaar   | Found Hoelypp's Weapon Emporium.
 79845 | Depths:4 | Reached skill level 1 in Translocations
 79923 | Depths:4 | Noticed a juggernaut
 79929 | Depths:4 | Killed a juggernaut
 80254 | Depths:4 | Found a corrupted altar of Lugonu.
 80320 | Depths:4 | Identified the amulet "Maur" {Reflect rElec rF+ Str+5 SH+5}
 80519 | Depths:4 | Received a gift from Okawaru
 80954 | Depths:4 | Found a gate to the Realm of Zot.
 81142 | Depths:4 | Found a runed translucent gate.
 81142 | Depths:4 | Found a runed translucent gate.
 81150 | Depths:4 | Found a runed translucent gate.
 81150 | Depths:4 | Noticed WeeknightWizard's ghost (veteran DEFE)
 81169 | Depths:4 | Killed WeeknightWizard's ghost
 81170 | Depths:4 | Reached skill level 5 in Translocations
 81313 | Depths:4 | Gained mutation: You are dopey. (Int -2) [mutagenic glow]
 81372 | Depths:4 | Gained mutation: You sometimes lose your temper in combat.
                  | [mutagenic glow]
 81459 | Depths:4 | Identified the +1 pair of gloves of the Spider Nest {rElec
                  | Int+3}
 81648 | Depths:4 | Reached XP level 27. HP: 254/254 MP: 35/35
 81661 | Depths:4 | Lost mutation: You are dopey. (Int -2) [potion of mutation]
 81661 | Depths:4 | Lost mutation: You sometimes lose your temper in combat.
                  | [potion of mutation]
 81661 | Depths:4 | Gained mutation: You occasionally lose the ability to drink
                  | potions when taking damage. [potion of mutation]
 81661 | Depths:4 | Gained mutation: You are clumsy. (Dex -2) [potion of
                  | mutation]
 81661 | Depths:4 | Gained mutation: You have a pair of large horns on your
                  | head. [potion of mutation]
 81661 | Depths:4 | Gained mutation: You have sharp toenails. [potion of
                  | mutation]
 81662 | Depths:4 | Lost mutation: You have sharp toenails. [potion of
                  | mutation]
 81662 | Depths:4 | Lost mutation: You have a pair of large horns on your head.
                  | [potion of mutation]
 81662 | Depths:4 | Gained mutation: You are partially covered in iridescent
                  | scales. (AC +2) [potion of mutation]
 81662 | Depths:4 | Gained mutation: You have a pair of large horns on your
                  | head. [potion of mutation]
 81663 | Depths:4 | Lost mutation: You are clumsy. (Dex -2) [potion of
                  | mutation]
 81663 | Depths:4 | Lost mutation: You occasionally lose the ability to drink
                  | potions when taking damage. [potion of mutation]
 81663 | Depths:4 | Lost mutation: You have a pair of large horns on your head.
                  | [potion of mutation]
 81663 | Depths:4 | Gained mutation: Your body sometimes deteriorates upon
                  | taking damage. [potion of mutation]
 81663 | Depths:4 | Gained mutation: You occasionally lose the ability to drink
                  | potions when taking damage. [potion of mutation]
 81663 | Depths:4 | Gained mutation: You passively map a small area around you.
                  | [potion of mutation]
 81664 | Depths:4 | Lost mutation: Your body sometimes deteriorates upon taking
                  | damage. [potion of mutation]
 81664 | Depths:4 | Lost mutation: You are partially covered in iridescent
                  | scales. (AC +2) [potion of mutation]
 81664 | Depths:4 | Lost mutation: You passively map a small area around you.
                  | [potion of mutation]
 81664 | Depths:4 | Gained mutation: You are dopey. (Int -2) [potion of
                  | mutation]
 81664 | Depths:4 | Gained mutation: Your movements are slightly less
                  | encumbered by armour. (ER -2) [potion of mutation]
 81665 | Depths:4 | Lost mutation: You are dopey. (Int -2) [potion of mutation]
 81665 | Depths:4 | Lost mutation: Your movements are slightly less encumbered
                  | by armour. (ER -2) [potion of mutation]
 81665 | Depths:4 | Lost mutation: You occasionally lose the ability to drink
                  | potions when taking damage. [potion of mutation]
 81665 | Depths:4 | Gained mutation: You are weak. (Str -2) [potion of
                  | mutation]
 81665 | Depths:4 | Gained mutation: Your natural rate of healing is unusually
                  | fast. [potion of mutation]
 82028 | Vaults:5 | Entered Level 5 of the Vaults
 82061 | Vaults:5 | Received a gift from Okawaru
 82286 | Vaults:5 | Got a silver rune of Zot
 82370 | Vaults:5 | Identified the +2 scale mail of Masochism {Int+6 Dex+2}
 82684 | Vaults:5 | Identified the ring "Kiekih" {Will+ AC+4 Str+5 Dex-5}
 82697 | Vaults:5 | Received a gift from Okawaru
 82776 | Vaults:5 | Identified the amulet of the Scavenger {Faith Fragile rN+
                  | Dex+2}
 82777 | Vaults:5 | Identified the +5 bardiche of Breach {antimagic, rElec
                  | Str+2 Stlth-}
 83273 | Vaults:5 | Identified the amulet of the Camelopard {Faith Fly Will-
                  | SInv}
 83275 | Vaults:5 | Identified the amulet of Mistrust {Acrobat rN+ Will- Str+3}
 83794 | Zot:1    | Entered Level 1 of the Realm of Zot
 84648 | Zot:1    | Received a gift from Okawaru
 84957 | Zot:1    | Reached skill level 10 in Translocations
 85353 | Zot:1    | Reached skill level 15 in Stealth
 85381 | Zot:1    | Identified the +1 scale mail of Hangman {rC+++ Str+5
                  | Stlth-}
 86110 | Zot:1    | Upgraded the game from 0.30-a0-702-gdf48620a09 to
                  | 0.30-a0-711-gf4ac18a38d
 86135 | Zot:2    | Received a gift from Okawaru
 88540 | Zot:2    | Noticed Vv
 88548 | Zot:2    | Killed Vv
 88982 | Zot:2    | Identified the +1 leather armour "Qefysunk" {Str-3 Int+5
                  | Dex+5}
 89100 | Zot:2    | Acquired 738 gold pieces
 90914 | Zot:3    | Identified the +0 pair of gloves of the Baker {Str+3}
 91880 | Zot:4    | Received a gift from Okawaru
 92014 | Zot:4    | Received a gift from Okawaru
 92845 | Zot:4    | Received a gift from Okawaru
 94114 | Zot:5    | Entered Level 5 of the Realm of Zot
 94451 | Zot:5    | Received a gift from Okawaru
 95530 | Zot:5    | Noticed an orb of fire
 95538 | Zot:5    | Killed an orb of fire
 95545 | Zot:5    | Noticed an orb of fire
 95552 | Zot:5    | Noticed an orb of fire
 95554 | Zot:5    | Gained mutation: Your body sometimes deteriorates upon
                  | taking damage. [an orb of fire]
 95556 | Zot:5    | Killed an orb of fire
 95643 | Zot:5    | Noticed an orb of fire
 95644 | Zot:5    | Killed an orb of fire
 95645 | Zot:5    | Noticed an orb of fire
 95820 | Zot:5    | Gained mutation: You are occasionally teleported next to
                  | monsters. [an orb of fire]
 95826 | Zot:5    | Killed an orb of fire
 95832 | Zot:5    | Killed an orb of fire
 95884 | Zot:4    | Lost mutation: You are weak. (Str -2) [potion of mutation]
 95884 | Zot:4    | Lost mutation: Your natural rate of healing is unusually
                  | fast. [potion of mutation]
 95884 | Zot:4    | Gained mutation: You have sharp fingernails. [potion of
                  | mutation]
 95885 | Zot:4    | Lost mutation: You have sharp fingernails. [potion of
                  | mutation]
 95885 | Zot:4    | Lost mutation: You are occasionally teleported next to
                  | monsters. [potion of mutation]
 95885 | Zot:4    | Lost mutation: Your body sometimes deteriorates upon taking
                  | damage. [potion of mutation]
 95940 | Zot:5    | Noticed an ancient lich
 95945 | Zot:5    | Killed an ancient lich
 96073 | Zot:5    | Noticed an ancient lich
 96078 | Zot:5    | Killed an ancient lich
 96362 | Zot:5    | Noticed an ancient lich
 96370 | Zot:5    | Killed an ancient lich
 98560 | Zot:5    | Noticed a dread lich
 98563 | Zot:5    | Killed a dread lich
 98563 | Zot:5    | Received a gift from Okawaru
 99972 | Zot:5    | Noticed an orb of fire
 99980 | Zot:5    | Gained mutation: You sometimes lose your temper in combat.
                  | [an orb of fire]
 99983 | Zot:5    | Killed an orb of fire
 99983 | Zot:5    | Received a gift from Okawaru
100022 | Zot:5    | Lost mutation: You sometimes lose your temper in combat.
                  | [potion of mutation]
100047 | Zot:5    | Got the Orb of Zot
100755 | D:5      | Noticed Hyeprok the pandemonium lord
100875 | D:1      | Noticed Baheuttu the pandemonium lord
100879 | D:$      | Escaped with the Orb!

Illustrated notes

Levels and vault maps discovered:
D:1:      dpeg_arrival_prison, layout_basic, minmay_misc_feat_plants,
          minmay_tall_x
D:2:      layout_rooms, basic_altar, minivault_25
D:3:      layout_loops_ring, nicolae_overflow_crystal_walls,
          nicolae_gozag_cash_rules_everything_around_me,
          hellmonk_ecumenical_altar_inner_sanctum
D:4:      layout_cave_pools, mainiacjoe_overflow_24_doors,
          overflow_temple_1_default, uniq_robin
D:5:      layout_gridville
D:6:      layout_rooms, amethyst_overflow_temple_binary,
          minmay_temple_entry_stoned_glass, serial_corexii_hall,
          corexii_hall_statues_deadend, chequers_hall_statues_corner_a,
          chequers_hall_statues_wall_a, chequers_hall_statues_y, uniq_grinder,
          uniq_crazy_yiuf_cottage
D:7:      layout_loops_ring, evilmike_ruin_ashenzari
D:8:      minmay_spotlight, layout_basic, nicolae_qazlal_scattered_showers,
          slow_altar_1, pdpol_wu_jian_five_deadly_venoms, enter_bailey_5,
          dk_noncrumbling_4
D:9:      layout_irregular_city, minmay_microvault, uniq_joseph, uniq_maggie,
          uniq_amaemon
D:10:     layout_loops_ring, mainiacjoe_overflow_alcove_1, david_orc_4
D:11:     layout_basic, erik_lair_orcish_takeover, gammafunk_ghost_stat_death
D:12:     layout_basic
D:13:     layout_loops_ring, fungi_pond_lemuel
D:14:     layout_stronghold, grunt_vaults_entry_tiered,
          hangedman_decor_clover_reticule, uniq_azrael
D:15:     gammafunk_enter_depths_forms, layout_long_grid,
          chequers_serial_rivers_large_b, serial_shops,
          nicolae_shop_hallway_stairs, minmay_misc_feat_five
Temple:   nicolae_temple_ecumenical_triangle
Lair:1:   layout_layer_cave, uniq_grum, uniq_gastronok
Lair:2:   beast_lair_carwin_large_1, layout_big_grid, basic_altar
Lair:3:   layout_roguey, minmay_shoals_entry_beasts, guppyfry_snake_entry_garden
Lair:4:   layout_misc_corridors
Lair:5:   evilmike_catoblepas_cave, layout_gridlike, minmay_slime_entry_pillars,
          enter_volcano_3
Shoals:1: layout_shoals
Shoals:2: layout_shoals, uniq_polyphemus, uniq_ilsuiw
Shoals:3: layout_shoals, uniq_mlioglotl
Shoals:4: shoals_end_hangedman, layout_shoals, serial_shops,
          nicolae_square_shop, abandoned_shop, nicolae_shoals_wave_tunnel
Snake:1:  layout_chambers, serial_shops, shop_statue, drop_trap,
          nicolae_snake_lava_pool, uniq_frances, uniq_agnes
Snake:2:  layout_layer_cave, portal_ice_cave_entry_pillars_2, uniq_aizul
Snake:3:  layout_rooms
Snake:4:  johnstein_snake_rune_scales, layout_grid_maze, basic_altar,
          nicolae_snake_round_shape_thing
Orc:1:    layout_caves, serial_shops, shop_statue, uniq_erica, uniq_jorgrun
Orc:2:    grunt_orc_community_town_hall, layout_diamond_mine,
          grunt_orc_community_big_house_2, grunt_orc_community_big_house_2,
          grunt_orc_community_house_1, grunt_orc_community_house_1,
          grunt_orc_community_house_1, grunt_orc_community_house_2,
          grunt_orc_community_house_3, serial_shops,
          nicolae_shop_bloodbath_and_beyond, uniq_maurice
Elf:1:    nicolae_elf_arrival_no_cutting_in_line, layout_gridlike, serial_shops,
          nicolae_shop_behind_doors, hangedman_elf_disciples,
          nicolae_elf_glass_and_crystal_pillar_2, guppyfry_library_mini,
          grunt_megastairs_5
Elf:2:    nicolae_elf_blades_crystal_corner, layout_loops_corners, basic_altar,
          serial_shops, shop
Elf:3:    minmay_elf_hall_curves, layout_geoelf_octagon, serial_shops,
          nicolae_diamond_shop, drop_trap, st_stairs_13
Vaults:1: st_squares, vaults_dpeg_diagonal, v_misc_10,
          nicolae_vaults_network_square, nicolae_vaults_network_star,
          vaults_room_pool, layout_vaults_omnigrid
Vaults:2: minmay_crypt_entry_necro_gods, hangedman_vaults_slither,
          vaults_standard_mumra_lines, v_misc_5, v_misc_29, v_misc_3,
          grunt_vaults_hallway_short, door_vault,
          nicolae_vaults_ring_of_whatevers, v_misc_23, vaults_room_semicircle,
          grunt_vaults_hallway_short, nicolae_vaults_little_squares_3,
          vaults_mumra_hex, layout_vaults_ring, serial_shops, bzr_entry_islet
Vaults:3: biasface_ghost_orc_armoury, ontoclasm_vaults_spin, v_misc_3,
          nicolae_vaults_arrows, nicolae_vaults_mini_display_case,
          ontoclasm_vaults_gallery, v_misc_14, vaults_room_door_hall,
          v_alt_pattern_6, nicolae_vaults_theta, vaults_dpeg_ring,
          vaults_dpeg_hooks, layout_vaults_omnicross, uniq_xtahua
Vaults:4: nicolae_vaults_twisting_passages, hangedman_vaults_variations,
          hangedman_vaults_corner, grunt_vaults_swirl, hangedman_vaults_trim,
          vaults_room_boxed, nicolae_vaults_little_ls,
          nicolae_vaults_display_case, ontoclasm_vaults_idyll,
          layout_vaults_maze_snakey
Vaults:5
Crypt:1:  layout_chaotic_city, grunt_ministairs_1, glass_columns_c, st_stairs_3,
          grunt_crypt_arrival_guarded_gate
Crypt:2:  hangedman_screamer, layout_regular_city, st_shrine_of_skulls
Crypt:3:  church_of_pain_bobbens, layout_chaotic_city,
          nicolae_tomb_entry_rubble_hallway, st_vampire_maze
Tomb:1
Depths:1: layout_gridville, pan_entry, hell_entry, minmay_alternating_orb,
          minmay_shoptagon, grunt_megastairs_2, infiniplex_staircase_pool_lava,
          uniq_saint_roka
Depths:2: nicolae_cairo_tiling, layout_small_grid, mu_enter_wizlab_5,
          minmay_room_of_horrors, chequers_big_river,
          hangedman_tar_grid_catacomb, serial_shops, nicolae_stop_n_shop_1,
          rand_demon_pan_entry_3, grunt_tough_drop
Depths:3: minmay_four_inscribed_fans, layout_cave_pools, enter_ziggurat_a,
          abyss_entry, pf_coc_iceberg, kennysheep_path_1
Depths:4: evilmike_zot_entry_hall, layout_gridlike, abyss_entry_flame_altar,
          ploomutoo_gammafunk_ghost_potion_laboratory, lightli_too_deep,
          serial_shops, bzr_entry_gold, xom_teletrap_fun
Hell
Zot:1:    kennysheep_six_static_rooms, layout_basic, nicolae_lava_and_water
Zot:2:    layout_misc_corridors, grunt_ministairs_1, uniq_vv
Zot:3:    layout_basic, grunt_megastairs_3
Zot:4:    layout_concentric_octagons, grunt_megastairs_1
Zot:5:    layout_basic, grunt_ministairs_11

Skill      XL: |  1  2  3  4  5  6  7  8  9 10 11 12 13 14 15 16 17 18 19 20 21 22 23 24 25 26 27 |
---------------+----------------------------------------------------------------------------------+-----
Stealth        | 2 3 4 5 6 7 8 9 10 11 12 13 14 16 | 16.5
Axes           | 4 5 7 8 9 11 13 14 15 16 17 18 19 20 21 23 24 | 24.7
Fighting       | 4 5 6 7 8 9 10 11 12 13 14 15 16 17 18 19 20 21 22 23 | 23.3
Maces & Flails | 1 4 6 |  6.1
Ranged Weapons | 1 2 3 5 6 8 9 11 12 14 15 17 19 20 21 | 21.5
Armour         | 1 2 3 4 6 7 8 9 11 13 15 16 17 19 20 21 23 | 23.2
Invocations    | 1 3 5 7 8 9 10 11 12 14 16 17 18 19 | 19.6
Evocations     | 1 3 4 5 6 7 8 9 10 11 12 13 | 13.0
Dodging        | 5 7 8 10 11 13 14 15 16 21 | 21.7
Throwing       | 3 6 7 8 |  8.9
Translocations | 6 10 | 10.0

Action                     |  1- 3 |  4- 6 |  7- 9 | 10-12 | 13-15 | 16-18 | 19-21 | 22-24 | 25-27 || total
---------------------------+-------+-------+-------+-------+-------+-------+-------+-------+-------++-------
  Melee: Hand axe          |    21 |       |       |       |       |       |       |       |       ||    21
         Headbutt          |     6 |    13 |    24 |    63 |    93 |    86 |    54 |   172 |   230 ||   741
         Mace              |    13 |     5 |       |       |       |       |       |       |       ||    18
         Punch             |     1 |       |       |       |       |       |       |       |       ||     1
         Battleaxe         |       |    74 |   161 |   350 |   399 |   349 |   202 |   627 |   108 ||  2270
         Executioner's axe |       |       |       |       |       |       |       |       |   744 ||   744
   Fire: Sling             |    22 |    97 |    22 |       |       |       |       |       |       ||   141
         Shortbow          |       |       |     6 |    18 |       |       |       |       |       ||    24
         Arbalest          |       |       |       |   185 |   346 |   644 |   290 |   804 |   806 ||  3075
  Throw: Dart              |       |     2 |     3 |     8 |     3 |     1 |       |       |       ||    17
         Boomerang         |       |       |     8 |     8 |     4 |     5 |       |     5 |    34 ||    64
         Javelin           |       |       |       |       |       |       |       |       |     2 ||     2
   Cast: Apportation       |       |       |       |       |       |       |       |       |     1 ||     1
 Invoke: Heroism           |       |       |     8 |    34 |    21 |    34 |    17 |    25 |    67 ||   206
         Finesse           |       |       |       |       |     5 |     3 |     3 |     4 |     9 ||    24
         Duel              |       |       |       |       |       |       |       |     1 |       ||     1
  Evoke: Wand              |       |       |     4 |       |     1 |     2 |     2 |       |     9 ||    18
         Tin of tremorston |       |       |       |       |     2 |     3 |       |     2 |     5 ||    12
         Condenser vane    |       |       |       |       |       |       |       |     1 |     3 ||     4
    Use: Scroll            |     1 |     8 |    10 |    17 |    11 |    13 |     4 |     7 |    24 ||    95
         Potion            |       |       |     2 |     3 |     1 |     5 |     5 |     2 |    38 ||    56
   Stab: Sleeping          |     3 |       |       |       |       |       |       |       |       ||     3
         Invisible         |       |       |     2 |       |       |       |       |       |    11 ||    13
         Petrified         |       |       |       |       |     1 |       |       |       |       ||     1
 Armour: Robe              |     6 |       |       |       |       |       |       |       |       ||     6
         Plate armour      |       |    91 |   120 |   247 |   295 |       |       |       |       ||   753
         Chain mail        |       |     3 |       |       |       |       |       |       |       ||     3
         Skin              |       |       |    41 |       |       |       |       |       |       ||    41
         Crystal plate arm |       |       |       |       |    69 |   805 |   318 |   835 |   934 ||  2961
  Dodge: Dodged            |    22 |    64 |   187 |   400 |   426 |   424 |   255 |   840 |  1117 ||  3735
         Repelled          |       |       |       |       |       |       |       |     3 |    53 ||    56
  Block: Other             |       |       |       |       |       |       |       |       |   126 ||   126
         Reflection        |       |       |       |       |       |       |       |       |     3 ||     3

Table legend: (Time is in decaauts)
 A = Elapsed time spent in this place.
 B = Non-inter-level travel time spent in this place.
 C = Inter-level travel time spent in this place.
 D = Time resting spent in this place.
 E = Time spent auto-exploring this place.
 F = Levels seen in this place.
 G = Mean time per level.
                   A        B        C        D        E       F      G
               +--------+--------+--------+--------+--------+-----+--------+
         Total | 103714 |  99182 |   4532 |  47446 |  33023 |  69 | 1503.1 |
       Dungeon |  18547 |  17233 |   1314 |   4898 |   9197 |  15 | 1236.5 |
        Temple |     20 |     15 |      5 |      0 |      6 |   1 |   20.0 |
          Lair |   5443 |   4786 |    657 |    833 |   2979 |   5 | 1088.6 |
        Shoals |   5405 |   5273 |    132 |   1314 |   2811 |   4 | 1351.2 |
     Snake Pit |  11456 |  11213 |    243 |   6930 |   2643 |   4 | 2864.0 |
  Orcish Mines |   5165 |   4985 |    180 |   3105 |    682 |   2 | 2582.5 |
   Elven Halls |  13171 |  12954 |    217 |   9006 |   2101 |   3 | 4390.3 |
        Vaults |  10344 |   9742 |    602 |   3197 |   4441 |   5 | 2068.8 |
         Crypt |   4322 |   4057 |    265 |    668 |   2023 |   3 | 1440.7 |
          Tomb |    619 |    602 |     17 |    282 |      0 |   1 |  619.0 |
        Depths |   8995 |   8609 |    386 |   3831 |   3044 |   4 | 2248.8 |
          Hell |     10 |     10 |      0 |      0 |      0 |   1 |   10.0 |
           Zot |  16738 |  16228 |    510 |  11959 |   2457 |   5 | 3347.6 |
      Ziggurat |    970 |    970 |      0 |    336 |    168 |  10 |   97.0 |
        Bazaar |    173 |    173 |      0 |     26 |      0 |   2 |   86.5 |
        Bailey |   1025 |   1025 |      0 |    631 |    178 |   1 | 1025.0 |
      Ice Cave |    970 |    970 |      0 |    394 |    232 |   1 |  970.0 |
        Wizlab |    308 |    308 |      0 |     14 |     60 |   1 |  308.0 |
         Arena |     24 |     24 |      0 |     18 |      0 |   1 |   24.0 |
               +--------+--------+--------+--------+--------+-----+--------+

Top non-repeatable levels by time:
   Elf:3: 6744 daAuts
 Snake:4: 6642 daAuts
   Zot:5: 5614 daAuts
   Orc:2: 4334 daAuts
   Elf:2: 4184 daAuts
Depths:3: 3844 daAuts
Vaults:3: 3711 daAuts
   Zot:4: 3606 daAuts
    D:14: 3147 daAuts
   Zot:2: 3143 daAuts
   Zot:1: 2537 daAuts
    D:10: 2332 daAuts
   Elf:1: 2243 daAuts
Depths:4: 2017 daAuts
Vaults:1: 1971 daAuts
